 Dungeon Crawl Stone Soup version 0.31-a0-152-g6aa68a64a1 (webtiles) character file.

Game seed: 2714108265166157297

71 qw the Shooter (level 4, -1/38 HPs)
             Began as a Minotaur Hunter on June 9, 2023.
             Slain by an orc wizard
             ... wielding a +0 dagger
              (3 damage)
             ... on level 3 of the Dungeon.
             The game lasted 00:01:20 (1898 turns).

qw the Shooter (Minotaur Hunter)                    Turns: 1898, Time: 00:01:21

Health: -1/38      AC:  5    Str: 16    XL:     4   Next: 5%
Magic:  3/3        EV: 11    Int:  6    God:
Gold:   23         SH:  0    Dex: 15    Spells: 3/3 levels left

rFire   . . .        Y - +0 shortbow
rCold   . . .        (shield currently unavailable)
rNeg    . . .        e - +0 ring mail
rPois   .            (helmet restricted)
rElec   .            (no cloak)
rCorr   .            (no gloves)
SInv    .            (no boots)
Will    .....        (no amulet)
Stlth   +            (no ring)
HPRegen 0.26/turn    (no ring)
MPRegen 0.08/turn

%: no passive effects
@: no status effects
A: horns 2, retaliatory headbutt
a: no special abilities


You were on level 3 of the Dungeon.
You visited 1 branch of the dungeon, and saw 3 of its levels.

You collected 63 gold pieces.
You spent 40 gold pieces at shops.


Innate Abilities, Weirdness & Mutations

You have a pair of horns on your head.
You reflexively headbutt those who attack you in melee.


   Skills:
 - Level 3.0 Fighting
 + Level 5.8 Ranged Weapons
 - Level 1.0 Armour
 - Level 2.1 Dodging
 - Level 0.7 Stealth


You had 3 spell levels left.
You didn't know any spells.
Your spell library was empty.

Inventory:

Hand Weapons
 Y - a +0 shortbow (weapon)
Armour
 e - a +0 ring mail (worn)
Scrolls
 a - 2 scrolls of identify
 h - 2 scrolls of teleportation
Potions
 b - 2 potions of curing
 d - a potion of enlightenment {unknown}
 f - 2 potions of heal wounds
 i - a potion of resistance {unknown}

Dungeon Overview and Level Annotations

Branches:
Dungeon (3/15)

Altars:
Hepliaklqana

Shops:
D:2 *


Message History

You shoot an arrow. Something hits you.
You shoot an arrow. Something hits you.
You shoot an arrow. Something hits you.
You hear some strange, mumbled words.
You are confused.
You shoot an arrow. Something hits you.
You shoot an arrow. Something hits you.
You shoot an arrow.
You hear some strange, mumbled words.
A puff of flame appears from out of thin air!
The puff of flame hits you!
You shoot an arrow. Something hits you but does no damage.
You shoot an arrow.
You feel less confused.
You hear some strange, mumbled words.
Something tries to affect you, but you resist.
Something hits you.
You shoot an arrow. Something hits you.
You shoot an arrow. Something hits you.
You shoot an arrow. Something hits you.
You shoot an arrow. Something hits you.
You shoot an arrow. Something hits you but does no damage. Something hits you.
You shoot an arrow. Something hits you.
You shoot an arrow. Something hits you but does no damage.
You shoot an arrow. Something hits you.
You die...

#.##.#
#..........
#.##.#
#..........
#.##.#
#..........
#.##.#
#..........
. #.##.#
#..........
#.# #.##.#
#..........
#...###.##.#
###########
#.....##.#
####{@...#
##)##..# #%#
..# .). .#
... .. ....#
. ....#
.....#


There were no monsters in sight!

Vanquished Creatures
  An adder (D:2)
  A worm (D:2)
  2 dart slugs
  3 orcs (D:3)
  4 ball pythons
  7 bats
  3 endoplasms
  3 giant cockroaches
  6 goblins
  6 hobgoblins
  A quokka (D:1)
  4 frilled lizards (D:1)
  4 kobolds
  5 rats
50 creatures vanquished.

Notes
Turn   | Place    | Note
-------+----------+-------------------------------------------
     0 | D:1      | qw the Minotaur Hunter began the quest for the Orb.
     0 | D:1      | Reached XP level 1. HP: 18/18 MP: 0/0
     0 | D:1      | 0 ||| qw: Version: 0.2-a-122-gbc61b45
     0 | D:1      | 0 ||| qw: Game counter: 3411
     0 | D:1      | 0 ||| qw: Always use a shield: true
     0 | D:1      | 0 ||| qw: God list: Okawaru
     0 | D:1      | 0 ||| qw: Allow faded altars: false
     0 | D:1      | 0 ||| qw: Do Orc after D:15 true
     0 | D:1      | 0 ||| qw: Do second Lair branch before Depths: true
     0 | D:1      | 0 ||| qw: Lair rune preference: random
     0 | D:1      | 0 ||| qw: Plans: Normal
     0 | D:1      | 0 ||| PLANNING D:1-11
   201 | D:1      | 201 ||| FLEEEEING.
   229 | D:1      | Reached XP level 2. HP: 25/25 MP: 1/1
   267 | D:1      | Reached skill level 5 in Ranged Weapons
   442 | D:1      | Reached skill level 3 in Fighting
   778 | D:1      | You fall into a shaft and drop 1 floor!
   778 | D:2      | Found Curoah's General Store.
   779 | D:2      | 779 ||| UPGRADING to +0 ring mail.
   789 | D:2      | 789 ||| DROPPING +0 leather armour.
   790 | D:2      | 790 ||| DROPPING scarf of invisibility.
   791 | D:2      | 791 ||| READING scroll labelled NUESHA BANIEMPUA.
   792 | D:2      | 792 ||| READING scroll labelled DIELUMUIWN.
   798 | D:2      | Reached XP level 3. HP: 31/31 MP: 2/2
   806 | D:2      | 806 ||| DROPPING scroll of butterflies.
   807 | D:2      | 807 ||| Stepping randomly (stuck).
   808 | D:2      | 808 ||| Stepping randomly (stuck).
   809 | D:2      | 809 ||| Stepping randomly (stuck).
   810 | D:2      | 810 ||| Stepping randomly (stuck).
   811 | D:2      | 811 ||| Stepping randomly (stuck).
   812 | D:2      | 812 ||| Stepping randomly (stuck).
   813 | D:2      | 813 ||| Stepping randomly (stuck).
   814 | D:2      | 814 ||| Stepping randomly (stuck).
   815 | D:2      | 815 ||| Stepping randomly (stuck).
   816 | D:2      | 816 ||| Stepping randomly (stuck).
   817 | D:2      | 817 ||| Stepping randomly (stuck).
   818 | D:2      | 818 ||| Stepping randomly (stuck).
   819 | D:2      | 819 ||| Stepping randomly (stuck).
   820 | D:2      | 820 ||| Stepping randomly (stuck).
   821 | D:2      | 821 ||| Stepping randomly (stuck).
   822 | D:2      | 822 ||| Stepping randomly (stuck).
   823 | D:2      | 823 ||| Stepping randomly (stuck).
   824 | D:2      | 824 ||| Stepping randomly (stuck).
   825 | D:2      | 825 ||| Stepping randomly (stuck).
   826 | D:2      | 826 ||| Stepping randomly (stuck).
   827 | D:2      | 827 ||| Stepping randomly (stuck).
   828 | D:2      | 828 ||| Stepping randomly (stuck).
   829 | D:2      | 829 ||| Stepping randomly (stuck).
   830 | D:2      | 830 ||| Stepping randomly (stuck).
   831 | D:2      | 831 ||| Stepping randomly (stuck).
   832 | D:2      | 832 ||| Stepping randomly (stuck).
   833 | D:2      | 833 ||| Stepping randomly (stuck).
   834 | D:2      | 834 ||| Stepping randomly (stuck).
   835 | D:2      | 835 ||| Stepping randomly (stuck).
   836 | D:2      | 836 ||| Stepping randomly (stuck).
   837 | D:2      | 837 ||| Stepping randomly (stuck).
   838 | D:2      | 838 ||| Stepping randomly (stuck).
   839 | D:2      | 839 ||| Stepping randomly (stuck).
   840 | D:2      | 840 ||| Stepping randomly (stuck).
   841 | D:2      | 841 ||| Stepping randomly (stuck).
   842 | D:2      | 842 ||| Stepping randomly (stuck).
   843 | D:2      | 843 ||| Stepping randomly (stuck).
   844 | D:2      | 844 ||| Stepping randomly (stuck).
   845 | D:2      | 845 ||| Stepping randomly (stuck).
   846 | D:2      | 846 ||| Stepping randomly (stuck).
   847 | D:2      | 847 ||| Stepping randomly (stuck).
   848 | D:2      | 848 ||| Stepping randomly (stuck).
   850 | D:2      | Reached skill level 1 in Armour
   850 | D:2      | 850 ||| Stepping randomly (stuck).
   851 | D:2      | 851 ||| Stepping randomly (stuck).
   852 | D:2      | 852 ||| Stepping randomly (stuck).
   853 | D:2      | 853 ||| Stepping randomly (stuck).
   854 | D:2      | 854 ||| Stepping randomly (stuck).
   855 | D:2      | 855 ||| Stepping randomly (stuck).
   862 | D:2      | 862 ||| Stepping randomly (stuck).
   863 | D:2      | 863 ||| Stepping randomly (stuck).
   864 | D:2      | 864 ||| Stepping randomly (stuck).
   865 | D:2      | 865 ||| Stepping randomly (stuck).
   866 | D:2      | 866 ||| Stepping randomly (stuck).
   867 | D:2      | 867 ||| Stepping randomly (stuck).
   868 | D:2      | 868 ||| Stepping randomly (stuck).
   869 | D:2      | 869 ||| Stepping randomly (stuck).
   870 | D:2      | 870 ||| Stepping randomly (stuck).
   871 | D:2      | 871 ||| Stepping randomly (stuck).
   872 | D:2      | 872 ||| Stepping randomly (stuck).
   873 | D:2      | 873 ||| Stepping randomly (stuck).
   874 | D:2      | 874 ||| Stepping randomly (stuck).
   875 | D:2      | 875 ||| Stepping randomly (stuck).
   876 | D:2      | 876 ||| Stepping randomly (stuck).
   877 | D:2      | 877 ||| Stepping randomly (stuck).
   878 | D:2      | 878 ||| Stepping randomly (stuck).
   879 | D:2      | 879 ||| Stepping randomly (stuck).
   880 | D:2      | 880 ||| Stepping randomly (stuck).
   881 | D:2      | 881 ||| Stepping randomly (stuck).
   882 | D:2      | 882 ||| Stepping randomly (stuck).
   883 | D:2      | 883 ||| Stepping randomly (stuck).
   884 | D:2      | 884 ||| Stepping randomly (stuck).
   885 | D:2      | 885 ||| Stepping randomly (stuck).
   886 | D:2      | 886 ||| Stepping randomly (stuck).
   887 | D:2      | 887 ||| Stepping randomly (stuck).
   888 | D:2      | 888 ||| Stepping randomly (stuck).
   889 | D:2      | 889 ||| Stepping randomly (stuck).
   896 | D:2      | 896 ||| Stepping randomly (stuck).
   899 | D:2      | 899 ||| Stepping randomly (stuck).
   900 | D:2      | 900 ||| Stepping randomly (stuck).
   901 | D:2      | 901 ||| Stepping randomly (stuck).
   902 | D:2      | 902 ||| Stepping randomly (stuck).
   903 | D:2      | 903 ||| Stepping randomly (stuck).
   904 | D:2      | 904 ||| Stepping randomly (stuck).
   905 | D:2      | 905 ||| Stepping randomly (stuck).
   906 | D:2      | 906 ||| Stepping randomly (stuck).
   907 | D:2      | 907 ||| Stepping randomly (stuck).
   908 | D:2      | 908 ||| Stepping randomly (stuck).
   909 | D:2      | 909 ||| Stepping randomly (stuck).
   910 | D:2      | 910 ||| Stepping randomly (stuck).
   911 | D:2      | 911 ||| Stepping randomly (stuck).
   912 | D:2      | 912 ||| Stepping randomly (stuck).
   913 | D:2      | 913 ||| Stepping randomly (stuck).
   914 | D:2      | 914 ||| Stepping randomly (stuck).
   915 | D:2      | 915 ||| Stepping randomly (stuck).
   916 | D:2      | 916 ||| Stepping randomly (stuck).
   917 | D:2      | 917 ||| Stepping randomly (stuck).
   918 | D:2      | 918 ||| Stepping randomly (stuck).
   919 | D:2      | 919 ||| Stepping randomly (stuck).
   920 | D:2      | 920 ||| Stepping randomly (stuck).
   921 | D:2      | 921 ||| Stepping randomly (stuck).
   922 | D:2      | 922 ||| Stepping randomly (stuck).
   923 | D:2      | 923 ||| Stepping randomly (stuck).
   924 | D:2      | 924 ||| Stepping randomly (stuck).
   925 | D:2      | 925 ||| Stepping randomly (stuck).
   926 | D:2      | 926 ||| Stepping randomly (stuck).
   927 | D:2      | 927 ||| Stepping randomly (stuck).
   928 | D:2      | 928 ||| Stepping randomly (stuck).
   929 | D:2      | 929 ||| Stepping randomly (stuck).
   930 | D:2      | 930 ||| Stepping randomly (stuck).
   931 | D:2      | 931 ||| Stepping randomly (stuck).
   932 | D:2      | 932 ||| Stepping randomly (stuck).
   933 | D:2      | 933 ||| Stepping randomly (stuck).
   934 | D:2      | 934 ||| Stepping randomly (stuck).
   935 | D:2      | 935 ||| Stepping randomly (stuck).
   936 | D:2      | 936 ||| Stepping randomly (stuck).
   937 | D:2      | 937 ||| Stepping randomly (stuck).
   938 | D:2      | 938 ||| Stepping randomly (stuck).
   939 | D:2      | 939 ||| Stepping randomly (stuck).
   940 | D:2      | 940 ||| Stepping randomly (stuck).
   941 | D:2      | 941 ||| Stepping randomly (stuck).
   942 | D:2      | 942 ||| Stepping randomly (stuck).
   943 | D:2      | 943 ||| Stepping randomly (stuck).
   944 | D:2      | 944 ||| Stepping randomly (stuck).
   945 | D:2      | 945 ||| Stepping randomly (stuck).
   946 | D:2      | 946 ||| Stepping randomly (stuck).
   947 | D:2      | 947 ||| Stepping randomly (stuck).
   948 | D:2      | 948 ||| Stepping randomly (stuck).
   949 | D:2      | 949 ||| Stepping randomly (stuck).
   950 | D:2      | 950 ||| Stepping randomly (stuck).
   951 | D:2      | 951 ||| Stepping randomly (stuck).
   952 | D:2      | 952 ||| Stepping randomly (stuck).
   953 | D:2      | 953 ||| Stepping randomly (stuck).
   954 | D:2      | 954 ||| Stepping randomly (stuck).
   955 | D:2      | 955 ||| Stepping randomly (stuck).
   956 | D:2      | 956 ||| Stepping randomly (stuck).
   957 | D:2      | 957 ||| Stepping randomly (stuck).
   958 | D:2      | 958 ||| Stepping randomly (stuck).
  1103 | D:2      | 1103 ||| BUYING scroll of identify (20 gold).
  1103 | D:2      | Bought a scroll of identify for 20 gold pieces
  1103 | D:2      | 1103 ||| BUYING scroll of identify (20 gold).
  1103 | D:2      | Bought a scroll of identify for 20 gold pieces
  1195 | D:2      | Found a hazy altar of Hepliaklqana.
  1771 | D:2      | 1771 ||| READING scroll labelled TYDEPSUYGA.
  1772 | D:2      | 1772 ||| DRINKING 3 orange potions.
  1773 | D:2      | 1773 ||| DRINKING 3 murky amethyst potions.
  1774 | D:2      | 1774 ||| READING 2 scrolls of identify.
  1774 | D:2      | 1774 ||| IDENTIFYING brown potion
  1775 | D:2      | 1775 ||| DROPPING potion of brilliance.
  1873 | D:3      | Reached XP level 4. HP: 38/38 MP: 3/3
  1888 | D:3      | HP: 9/38 [something/puff of flame (10)]
  1893 | D:3      | HP: 5/38 [something (1)]
  1896 | D:3      | HP: 1/38 [something (2)]
  1898 | D:3      | Slain by an orc wizard

Levels and vault maps discovered:
D:1:      lightli_arrival_maybe_door_vault, layout_loops_corners
D:2:      layout_loops_ring, basic_altar, serial_shops, shop
D:3:      layout_basic

Skill      XL: |  1  2  3 |
---------------+----------+-----
Ranged Weapons | 5 |  5.8
Fighting       | 3 |  3.0
Armour         | 1 |  1.0
Dodging        | |  2.1
Stealth        | |  0.7

Action                     |  1- 3 |  4- 6 || total
---------------------------+-------+-------++-------
   Fire: Shortbow          |   139 |    26 ||   165
    Use: Scroll            |     4 |       ||     4
         Potion            |     2 |       ||     2
 Armour: Leather armour    |    11 |       ||    11
         Ring mail         |     5 |     7 ||    12
  Dodge: Dodged            |    34 |       ||    34

Table legend:
 A = Non-vault XP
 B = Vault XP
 C = Vault XP percentage of total XP
 D = Non-vault monster count
 E = Vault monster count
 F = Vault count percentage of total count
                 A         B        C        D         E       F
            +---------+---------+-------+---------+---------+-------
      Total |     102 |       0 |   0.0 |      50 |       0 |   0.0
            +---------+---------+-------+---------+---------+-------
        D:1 |      37 |       0 |   0.0 |      21 |       0 |   0.0
        D:2 |      52 |       0 |   0.0 |      23 |       0 |   0.0
        D:3 |      13 |       0 |   0.0 |       6 |       0 |   0.0
            +---------+---------+-------+---------+---------+-------
